 Dungeon Crawl Stone Soup version 0.20.1-1-g8b1a95d (webtiles) character file.

10250 JustChris the Thaumaturge (level 11, -1/80 HPs)
             Began as a Grey Draconian Ice Elementalist on Dec 14, 2017.
             Was an Elder of Sif Muna.
             Slain by a seven-headed hydra (8 damage)
             ... on level 11 of the Dungeon.
             The game lasted 02:48:23 (16221 turns).

JustChris the Thaumaturge (DrIE)                   Turns: 16221, Time: 02:48:25

Health: -1/80      AC: 19    Str: 11    XL:     11   Next: 33%
Magic:  6/26       EV: 20    Int: 18    God:    Sif Muna [****..]
Gold:   134        SH:  0    Dex: 14    Spells: 15/32 levels left

rFire    . . .     SeeInvis .   r - +5 halberd (chop)
rCold    + . .     Gourm    .   (shield currently unavailable)
rNeg     + . .     Faith    +   (armour unavailable)
rPois    .         Spirit   .   (helmet restricted)
rElec    .         Reflect  .   o - scarf {repulsion}
rCorr    .         Harm     .   (no gloves)
MR       .....                  (no boots)
Stlth    ++........             p - amulet of faith
Regen    0.3/turn               N - +6 ring of evasion
MPRegen  0.2/turn               I - ring of Qonwaz {rC+ rN+ Dex+2}

@: icy armour (expiring), about to teleport, very slightly contaminated, repel
missiles, slow
A: walk through water, unfitting armour, unbreathing, cold-blooded, AC +12
a: Divine Energy, Channel Magic, Forget Spell, Renounce Religion


You were on level 11 of the Dungeon.
You worshipped Sif Muna.
Sif Muna was greatly pleased with you.
You were not hungry.

You visited 2 branches of the dungeon, and saw 12 of its levels.

You collected 525 gold pieces.
You spent 391 gold pieces at shops.

Inventory:

Hand Weapons
 e - a +2 flail of protection
 g - a +0 shortbow
 q - a +2 flail of holy wrath
 r - a +5 halberd of chopping (weapon)
 s - a +0 shortbow
 u - a +0 blowgun
 B - a +0 long sword
 Z - a +1 mace of protection
Missiles
 i - 118 arrows
 v - 30 poisoned needles
Armour
 o - a scarf of repulsion (worn)
 t - a +0 cloak
 R - the +3 ring mail "Wumyryff" {MR+ Dex-5 Stlth+, unknown}
   (You took it off a kobold on level 7 of the Dungeon)

   It affects your dexterity (-5).
   It affects your resistance to hostile enchantments.
   It makes you more stealthy.
Magical Staves
 z - an uncursed staff of poison
Jewellery
 f - an uncursed ring of flight
 p - an amulet of faith (around neck)
 I - the ring of Qonwaz (right hand) {rC+ rN+ Dex+2}
   (You found it on level 5 of the Dungeon)

   [ring of positive energy]

   It affects your dexterity (+2).
   It protects you from cold.
   It protects you from negative energy.
 N - a +6 ring of evasion (left hand)
 O - an uncursed amulet of guardian spirit
Wands
 b - a wand of random effects (0/48)
 y - a wand of flame (0/48)
 J - a wand of scattershot (0/9)
Scrolls
 j - a scroll of identify
 k - 3 scrolls of remove curse
 l - 2 scrolls of amnesia
 m - a scroll of recharging
 E - 3 scrolls of enchant weapon
 K - a scroll of teleportation
 L - a scroll of noise
Potions
 c - a potion of agility {unknown}
 h - 2 potions of mutation
 A - 3 potions of lignification
 C - 3 potions of might
 M - a potion of ambrosia
 P - a potion of flight {unknown}
 T - a potion of brilliance {unknown}
Books
 a - a book of Frost

   Spells                             Type                      Level
   a - Freeze                         Ice                          1
   b - Throw Frost                    Conjuration/Ice              2
   c - Ozocubu's Armour               Charms/Ice                   3
   d - Throw Icicle                   Conjuration/Ice              4
   e - Summon Ice Beast               Ice/Summoning                4
 W - Sif Muna's Guide on Mutagenic Feathers
   (Sif Muna gifted it to you on level 9 of the Dungeon)

   Spells                             Type                      Level
   a - Mephitic Cloud                 Conjuration/Poison/Air       3
   b - Silence                        Hexes/Air                    5
   c - Hydra Form                     Transmutation                6
   d - Chain Lightning                Conjuration/Air              8
   e - Tornado                        Air                          9
Comestibles
 n - 2 meat rations
 G - 3 royal jellies


   Skills:
 + Level 2.3 Fighting
 - Level 0.2 Maces & Flails
 + Level 4.2 Dodging
 - Level 2.8 Stealth
 * Level 11.3 Spellcasting
 + Level 2.9 Conjurations
 - Level 0.1 Charms
 * Level 6.8 Summonings
 * Level 9.5 Ice Magic
 + Level 0.4 Poison Magic
 + Level 0.7 Invocations
 + Level 1.3 Evocations


You had 15 spell levels left.
You knew the following spells:

 Your Spells              Type           Power        Failure   Level  Hunger
a - Freeze                Ice            ####         1%          1    None
b - Ozocubu's Armour      Chrm/Ice       ####....     2%          3    None
c - Throw Frost           Conj/Ice       ####..       1%          2    None
d - Summon Ice Beast      Ice/Summ       #####...     2%          4    ##.....
e - Throw Icicle          Conj/Ice       ####....     5%          4    ##.....
f - Mephitic Cloud        Conj/Pois/Air  ##......     13%         3    None


Dungeon Overview and Level Annotations

Branches:
Dungeon (11/15)            Temple (1/1) D:4
   Lair: D:8-11         Orc: D:9-12

Altars:
Ashenzari
Cheibriados
Dithmenos
Elyvilon
Fedhas
Gozag
Hepliaklqana
Kikubaaqudgha
Nemelex Xobeh
Okawaru
Qazlal
Ru
Sif Muna
Trog
Uskayaw
Vehumet
Xom
Yredelemnul
Zin

Shops:
D:11 (

Annotations:
D:3 Natasha
D:6 Grinder
D:10 Gastronok


Innate Abilities, Weirdness & Mutations

You can walk through water.
Your dull iron-grey scales are very hard. (AC +12)
You cannot fit into any form of body armour.
You can survive without breathing.
You are cold-blooded and may be slowed by cold attacks.


Message History

You are very lightly contaminated with residual magic.
As you read the scroll of blinking, it crumbles to dust.
You fade into invisibility!
A worker ant zombie comes into view.
You flicker for a moment.
You see here a giant club.
You flicker back into view.
The orc shouts!
The orc hits you but does no damage.
As you read the scroll of teleportation, it crumbles to dust.
You feel strangely unstable.
Unknown command.
Your icy armour starts to melt.
The orc hits you but does no damage.
The seven-headed hydra closely misses you.
The seven-headed hydra barely misses you.
The seven-headed hydra completely misses you.
The seven-headed hydra bites you but does no damage. x3
The seven-headed hydra bites you!
You die...

### ########## ######## #...
#........######......# #...
####............##......# #...
#......z...)....##......######...
#....Yz###.....D@o......'.YJ.z...
#....W.# #.....J##......#####.z..
######## #.....Z##......# #....
###### #.....l##......# #....
#...ยง# #.....)##......# #.###
#....# #.J....##......# #J#
#....###......######### #.#
#)..J##.......# #W#
#..J.##.......# #.#


You could see a seven-headed hydra, 2 slime creatures, an iguana, an orc and a
worker ant zombie.

Vanquished Creatures
  2 two-headed ogres
  An unseen horror (D:11)
  The ghost of AdmiralAndromeda the Grappler, a novice VSTm of Cheibriados (D:8)
  The ghost of p0werm0de the Cleaver, a novice DDFi of Makhleb (D:9)
  A manticore (D:11)
  A centaur skeleton (D:11)
  2 trolls
  A hornet (D:11)
  A slime creature (D:11)
  Eustachio (D:4)
  Grum (D:11)
  Duvessa (D:6)
  2 water moccasins
  2 porcupines (D:10)
  3 orc warriors
  A sky beast (D:11)
  3 black bears (D:10)
  An ice beast (D:6)
  A phantom (D:9)
  A necrophage (D:5)
  4 wolves (D:10)
  5 ogres
  2 centaurs
  Blork the orc (D:5)
  7 bullfrogs
  A gnoll sergeant (D:9)
  2 scorpions
  A howler monkey (D:4)
  5 crimson imps
  A quasit (D:11)
  A gnoll shaman (D:3)
  A jelly (D:5)
  6 orc priests
  A bullfrog skeleton (D:10)
  3 orc wizards
  Natasha (twice) (D:3)
  An iguana (D:5)
  3 worker ants
  13 gnolls
  A worker ant zombie (D:5)
  9 adders
  A howler monkey skeleton (D:7)
  3 oozes
  5 worms
  2 dart slugs
  3 leopard geckos
  33 orcs
  6 bats
  2 giant cockroaches
  7 goblins
  8 hobgoblins
  8 jackals
  10 kobolds
  3 quokkas
  6 frilled lizards
  A quokka skeleton (D:4)
  8 rats
  2 plants (D:10)
206 creatures vanquished.

Vanquished Creatures (collateral kills)
  3 two-headed ogres (D:9)
  A yak (D:10)
  2 hungry ghosts (D:9)
  Menkaure (D:6)
  A porcupine (D:10)
  4 ice beasts
  2 sky beasts (D:10)
  2 black bears
  4 ogres
  A centaur (D:8)
  A big kobold (D:7)
  Dowan (D:6)
  A crimson imp (D:6)
  2 hounds
  2 orc priests (D:7)
  2 orc wizards (D:9)
  2 gnolls (D:9)
  A shadow imp (D:7)
  A worm (D:8)
  7 orcs
  A giant cockroach (D:8)
  3 jackals (D:8)
  3 kobolds (D:7)
48 creatures vanquished.

Vanquished Creatures (others)
  An ogre (D:10)
  26 fungi (D:10)
  7 plants (D:10)
34 creatures vanquished.

Grand Total: 288 creatures vanquished

Notes
Turn   | Place    | Note
-------+----------+-------------------------------------------
     0 | D:1      | JustChris the Draconian Ice Elementalist began the quest for the Orb.
     0 | D:1      | Reached XP level 1. HP: 14/14 MP: 3/3
    66 | D:1      | Reached XP level 2. HP: 15/20 MP: 0/5
   972 | D:2      | Reached XP level 3. HP: 26/26 MP: 4/6
  1015 | D:2      | Learned a level 3 spell: Ozocubu's Armour
  1552 | D:2      | Reached skill level 3 in Spellcasting
  1552 | D:2      | Reached XP level 4. HP: 33/33 MP: 5/8
  1907 | D:3      | Found a shimmering altar of Xom.
  1907 | D:3      | Found a glowing silver altar of Zin.
  1907 | D:3      | Noticed an angel
  2081 | D:3      | Noticed Natasha
  2274 | D:3      | Killed Natasha
  2477 | D:3      | Noticed Natasha
  2586 | D:3      | Reached XP level 5. HP: 39/39 MP: 8/10
  2618 | D:3      | Killed Natasha
  2816 | D:3      | Noticed Natasha
  2864 | D:3      | Reached skill level 4 in Spellcasting
  2873 | D:3      | Reached XP level 6. HP: 4/46 MP: 0/12
  2944 | D:3      | HP: 1/46 [gnoll/spear (5)]
  3675 | D:4      | Found a staircase to the Ecumenical Temple.
  3681 | Temple   | Entered the Ecumenical Temple
  3718 | Temple   | Became a worshipper of Sif Muna the Loreminder
  3912 | D:4      | Reached skill level 5 in Ice Magic
  3974 | D:4      | Noticed an ice beast
  4279 | D:4      | Reached skill level 5 in Spellcasting
  4369 | D:4      | Learned a level 2 spell: Throw Frost
  4374 | D:4      | Learned a level 4 spell: Summon Ice Beast
  4482 | D:5      | Entered Level 5 of the Dungeon
  4482 | D:5      | Noticed Eustachio
  4518 | D:4      | Killed Eustachio
  4518 | D:4      | Reached * piety under Sif Muna
  4518 | D:4      | Reached skill level 1 in Fighting
  4518 | D:4      | Your scales start taking on a dull iron-grey colour.
  4518 | D:4      | Reached XP level 7. HP: 32/52 MP: 5/15
  4518 | D:4      | Gained mutation: You can survive without breathing. [Grey Draconian growth]
  4675 | D:5      | Found a sacrificial altar of Ru.
  4675 | D:5      | Found a hide-covered altar of Uskayaw.
  4676 | D:5      | Noticed Blork the orc
  5070 | D:5      | Learned a level 4 spell: Throw Icicle
  5153 | D:5      | Reached skill level 6 in Spellcasting
  5301 | D:5      | Got a translucent pewter ring
  5302 | D:5      | Identified the ring of Qonwaz {rC+ rN+ Dex+2} (You found it on level 5 of the Dungeon)
  5344 | D:5      | Reached skill level 1 in Summonings
  5565 | D:5      | Killed Blork the orc
  5886 | D:5      | Reached XP level 8. HP: 58/58 MP: 9/17
  6078 | D:6      | Reached ** piety under Sif Muna
  6346 | D:6      | Noticed Menkaure
  6355 | D:6      | Killed Menkaure
  6355 | D:6      | Reached skill level 7 in Spellcasting
  6361 | D:6      | Noticed Duvessa
  6361 | D:6      | Noticed Dowan
  6394 | D:6      | Killed Dowan
  6713 | D:6      | Reached skill level 1 in Evocations
  7568 | D:6      | Killed Duvessa
  7788 | D:6      | Noticed Grinder
  7789 | D:6      | Paralysed by Grinder for 4 turns
  8640 | D:7      | Reached XP level 9. HP: 60/64 MP: 12/20
  8794 | D:7      | Reached *** piety under Sif Muna
  8915 | D:7      | Reached skill level 8 in Spellcasting
  9153 | D:7      | Got a brightly glowing ring mail
  9552 | D:7      | Found a shadowy altar of Dithmenos.
  9849 | D:8      | Found a snail-covered altar of Cheibriados.
  9865 | D:8      | Noticed a two-headed ogre
  9900 | D:8      | Killed a two-headed ogre
  9943 | D:8      | Noticed AdmiralAndromeda's ghost (novice VSTm)
 10012 | D:8      | Reached **** piety under Sif Muna
 10802 | D:8      | Reached skill level 9 in Spellcasting
 10818 | D:8      | Reached skill level 5 in Summonings
 11084 | D:8      | Killed AdmiralAndromeda's ghost
 11431 | D:9      | Reached XP level 10. HP: 69/73 MP: 6/23
 11457 | D:9      | Noticed p0werm0de's ghost (novice DDFi)
 11493 | D:9      | Killed p0werm0de's ghost
 11630 | D:9      | Noticed a two-headed ogre
 11703 | D:9      | Killed a two-headed ogre
 11703 | D:9      | Reached ***** piety under Sif Muna
 11703 | D:9      | Identified Sif Muna's Guide on Mutagenic Feathers (Sif Muna gifted it to you on level 9 of the Dungeon)
 11703 | D:9      | Received a gift from Sif Muna
 11769 | D:9      | Found a stormy altar of Qazlal.
 11769 | D:9      | Noticed a two-headed ogre
 11847 | D:9      | Killed a two-headed ogre
 11847 | D:9      | Reached skill level 10 in Spellcasting
 12107 | D:9      | Noticed a two-headed ogre
 12115 | D:9      | Killed a two-headed ogre
 12883 | D:9      | Learned a level 3 spell: Mephitic Cloud
 12889 | D:10     | Entered Level 10 of the Dungeon
 13110 | D:10     | Noticed Grum
 13652 | D:10     | Noticed Gastronok
 14634 | D:11     | Reached XP level 11. HP: 80/80 MP: 1/25
 14838 | D:11     | Killed Grum
 14838 | D:11     | Reached skill level 11 in Spellcasting
 15046 | D:11     | Noticed a seven-headed hydra
 15175 | D:11     | Found Gipsa's Antique Weapon Shop.
 15217 | D:11     | Noticed a two-headed ogre
 15259 | D:11     | Bought a runed flail for 188 gold pieces
 15259 | D:11     | Bought a runed halberd for 203 gold pieces
 15292 | D:11     | Killed a two-headed ogre
 16034 | D:11     | HP: 3/80 [orc priest/divine providence (12)]
 16199 | D:11     | Killed an unseen horror
 16201 | D:11     | HP: 2/80 [large slime creature (23)]
 16221 | D:11     | Slain by a seven-headed hydra

Skill      XL: |  1  2  3  4  5  6  7  8  9 10 11 |
---------------+----------------------------------+-----
Dodging        | 2 3 4 |  4.2
Spellcasting   | 3 4 5 6 7 9 10 11 | 11.3
Ice Magic      | 4 5 6 7 9 |  9.5
Stealth        | 2 |  2.8
Fighting       | 1 2 |  2.3
Summonings     | 1 4 5 6 |  6.8
Evocations     | 1 |  1.3
Conjurations   | 2 |  2.9
Maces & Flails | |  0.2
Charms         | |  0.1
Poison Magic   | |  0.4
Invocations    | |  0.7

Action                   |  1- 3 |  4- 6 |  7- 9 | 10-12 || total
-------------------------+-------+-------+-------+-------++-------
Melee: Mace              |    33 |    12 |       |     3 ||    48
       Unarmed           |     2 |       |       |       ||     2
       Tailslap          |     4 |     3 |    19 |    13 ||    39
       Flail             |       |     8 |   155 |    65 ||   228
       Halberd           |       |       |       |     1 ||     1
Throw: Throwing net      |       |       |     1 |       ||     1
 Cast: Freeze            |    44 |   141 |   107 |   126 ||   418
       Ozocubu's Armour  |     4 |     6 |    34 |    22 ||    66
       Summon Ice Beast  |       |     2 |    57 |    35 ||    94
       Throw Frost       |       |       |    63 |   140 ||   203
       Throw Icicle      |       |       |    14 |     1 ||    15
       Mephitic Cloud    |       |       |       |    22 ||    22
Invok: Divine Energy     |       |       |     3 |     1 ||     4
       Stop Divine Energ |       |       |     3 |     1 ||     4
       Channel Magic     |       |       |       |     3 ||     3
 Abil: Evoke Flight      |       |     1 |     1 |       ||     2
Evoke: Wand              |       |     9 |     5 |     6 ||    20
  Use: Scroll            |       |     7 |     4 |    11 ||    22
       Potion            |       |       |     3 |    11 ||    14
 Stab: Sleeping          |     1 |       |       |     2 ||     3
       Distracted        |       |       |     3 |       ||     3
  Eat: Chunk             |     3 |     1 |     4 |     6 ||    14
       Bread ration      |       |     3 |     2 |     1 ||     6
       Meat ration       |       |       |     3 |     2 ||     5
       Royal jelly       |       |       |     1 |       ||     1
Armor: Skin              |    29 |    40 |   180 |   134 ||   383
Dodge: Dodged            |    52 |    85 |   221 |   332 ||   690
       Deflected         |       |     5 |    11 |     8 ||    24
